 Dungeon Crawl Stone Soup version 0.27-a0-1065-ge809cff456 (webtiles) character file.

Game seed: 14216010713950166871

1841 Feb132020 the Thaumaturge (level 8, -1/44 HPs)
             Began as a Deep Elf Conjurer on Apr 22, 2021.
             Was a Follower of Vehumet.
             Shot with an arrow by a centaur (9 damage)
             ... on level 6 of the Dungeon.
             The game lasted 00:36:49 (8961 turns).

Feb132020 the Thaumaturge (Deep Elf Conjurer)       Turns: 8961, Time: 00:36:50

Health: -1/44      AC:  5    Str:  9    XL:     8   Next: 87%
Magic:  22/22      EV: 13    Int: 24    God:    Vehumet [*.....]
Gold:   293        SH:  0    Dex: 15    Spells: 9/23 levels left

rFire    . . .     SeeInvis .   b - +10 hunting sling of Imminent Death {flame, Str+5 Stlth-}
rCold    . . .     Faith    +   (no shield)
rNeg     . . .     Spirit   .   i - +1 robe
rPois    +         Reflect  .   (no helmet)
rElec    .         Harm     .   (no cloak)
rCorr    .         Rampage  .   (no gloves)
Will     .....                  r - +1 pair of boots
Stlth    ++........             u - amulet of faith
HPRegen  0.14/turn              s - ring of poison resistance
MPRegen  0.18/turn              (no ring)

@: no status effects
A: no striking features
a: Renounce Religion


You were on level 6 of the Dungeon.
You worshipped Vehumet.
Vehumet was aware of your devotion.
You visited 1 branch of the dungeon, and saw 6 of its levels.

You collected 293 gold pieces.

Inventory:

Hand Weapons
 a - a +2 dagger of speed
 b - the +10 hunting sling of Imminent Death (weapon) {flame, Str+5 Stlth-}
   (You found it on level 6 of the Dungeon)

   It causes projectiles fired from it to burn those they strike, causing extra
   injury to most foes and up to half again as much damage against particularly
   susceptible opponents.
   It affects your strength (+5).
   It makes you less stealthy.
 e - a +0 short sword of freezing
 v - a +6 flail of protection
 A - a +0 short sword of freezing
Missiles
 j - 7 poisoned darts
 B - 24 sling bullets (quivered ammo)
Armour
 i - a +1 robe (worn)
 r - a +1 pair of boots (worn)
Magical Staves
 w - a staff of earth
Jewellery
 s - a ring of poison resistance (left hand)
 u - an amulet of faith (around neck)
Wands
 f - a wand of paralysis (9)
 n - a wand of mindburst (13)
 y - a wand of charming (20)
 z - a wand of iceblast (8)
Scrolls
 g - a scroll of silence
 k - a scroll of brand weapon
 q - a scroll of immolation
 t - a scroll of blinking {unknown}
 x - a scroll of amnesia {unknown}
Potions
 c - 4 potions of curing
 d - a potion of berserk rage {unknown}
 h - a potion of invisibility {unknown}
 l - 2 potions of magic
 m - 3 potions of lignification
 o - a potion of heal wounds
 p - a potion of haste {unknown}


   Skills:
 + Level 1.8 Fighting
 + Level 3.0 Short Blades
 + Level 3.6 Dodging
 + Level 6.5 Stealth
 + Level 8.0 Spellcasting
 + Level 7.6 Conjurations
 * Level 6.1 Hexes


You had 9 spell levels left.
You knew the following spells:

 Your Spells              Type           Power      Damage    Failure   Level
a - Magic Dart            Conj           100%       1d8       1%          1
b - Searing Ray           Conj           92%        3d6       1%          2
c - Dazzling Flash        Conj/Hex       84%        N/A       1%          3
d - Fulminant Prism       Conj/Hex       21%        3d13      3%          4
e - Iskenderun's Mystic   Conj/Tloc      27%        2d7       14%         4

Your spell library contained the following spells:

 Spells                   Type           Power      Damage    Failure   Level
 Freeze                   Ice            36%        1d6       6%          1


Dungeon Overview and Level Annotations

Branches:
Dungeon (6/15)             Temple (0/1) D:5

Altars:
Fedhas
Hepliaklqana
Makhleb
Ru
Vehumet

Shops:
D:4 =

Annotations:
D:5 4 runed translucent doors, exclusion: two-headed ogre


Message History

Adjust (i)tems, (s)pells, or (a)bilities?
l - a +2 dagger of speed (weapon)
Adjust to which letter? (? for menu, Esc to quit)
a - a +2 dagger of speed (weapon);
l - 2 potions of magic Adjust (i)tems, (s)pells, or (a)bilities?
A - the +10 hunting sling of Imminent Death {flame, Str+5 Stlth-} Adjust to which letter? (? for menu, Esc to quit)
b - the +10 hunting sling of Imminent Death {flame, Str+5 Stlth-}
A - a +0 short sword of freezing You feel stronger.
The +10 hunting sling of Imminent Death {flame, Str+5 Stlth-} bursts into flame!
b - the +10 hunting sling of Imminent Death (weapon)
{flame, Str+5 Stlth-}
Found a stone staircase leading up.
You now have 293 gold pieces (gained 12).
Found a stone staircase leading down.
Found 11 stones.
A centaur comes into view.
The centaur shouts!
You hear a shout!
The centaur wields a +0 shortbow.
The centaur shoots an arrow.
The arrow closely misses you.
Found a manual of Translocations.
Fire: 25 sling bullets
Press: ? - help, Q - select action, (/) - cycle Shift-Dir - straight line, f - centaur
Aim: a centaur, wielding a +0 shortbow and quivering arrows (77% to hit)
You shoot a sling bullet. The sling bullet hits the centaur!
The sling bullet burns the centaur.
The centaur is heavily wounded.
The centaur shoots an arrow.
The arrow hits you.
A centaur comes into view.
The centaur shoots an arrow.
The arrow completely misses you.
The centaur shoots an arrow.
The arrow hits you!
The centaur wields a +0 shortbow.
The centaur shoots an arrow.
The arrow hits you!
The centaur shoots an arrow.
The arrow misses you.
The centaur shoots an arrow.
The arrow misses you.
The centaur shoots an arrow.
The arrow hits you!
* * * LOW HITPOINT WARNING * * *
The centaur shoots an arrow.
The arrow hits you.
* * * LOW HITPOINT WARNING * * *
The centaur shoots an arrow.
The arrow hits you!
You die...

##.........#
#......?...#
##.........##
#.........##
##........###
##...c!...#c.
##..........###
#....c....((c
#..########...###
###....##.#.##
..##
###...###.....##
.# .. .##
###....###### . .
## ##..## .
##@### ..
####....#
##.......#
#.......##
#.....### #.##.##
####.# #..#
########
#.######......#


You could see a centaur.

Vanquished Creatures
  A troll (D:5)
  Edmund (D:5)
  An orc warrior (D:4)
  An ice beast (D:6)
  A hornet zombie (D:6)
  A centaur (D:5)
  A phantom (D:5)
  2 scorpions (D:5)
  A water moccasin zombie (D:5)
  A water moccasin skeleton (D:5)
  3 hounds
  2 jellies (D:5)
  A centaur zombie (D:3)
  2 orc priests
  2 bullfrog skeletons
  3 iguanas (D:5)
  7 orc wizards
  A scorpion zombie (D:5)
  A hound zombie (D:5)
  A hound skeleton (D:5)
  2 gnolls
  8 adders
  A shadow imp (D:6)
  A white imp (D:5)
  2 adder zombies (D:3)
  4 worms
  3 dart slugs
  24 orcs
  8 ball pythons
  6 bats
  9 endoplasms
  7 giant cockroaches
  9 goblins
  9 hobgoblins
  11 jackals
  6 kobolds
  2 quokkas
  5 frilled lizards
  6 rats
157 creatures vanquished.

Vanquished Creatures (others)
  6 fulminant prisms
  2 withered plants (D:3)
8 creatures vanquished.

Grand Total: 165 creatures vanquished

Notes
Turn   | Place    | Note
-------+----------+-------------------------------------------
     0 | D:1      | Feb132020 the Deep Elf Conjurer began the quest for the
                  | Orb.
     0 | D:1      | Reached XP level 1. HP: 10/10 MP: 6/6
   190 | D:1      | Reached XP level 2. HP: 15/15 MP: 2/8
   193 | D:1      | Learned a level 2 spell: Searing Ray
   350 | D:1      | Reached skill level 5 in Conjurations
   715 | D:1      | Reached XP level 3. HP: 19/19 MP: 5/9
   926 | D:1      | Found a faded altar of an unknown god.
  1433 | D:2      | Reached XP level 4. HP: 24/24 MP: 9/11
  1437 | D:2      | Learned a level 3 spell: Dazzling Flash
  1867 | D:2      | Reached skill level 4 in Spellcasting
  2154 | D:2      | Reached skill level 1 in Hexes
  3121 | D:3      | Reached XP level 5. HP: 18/28 MP: 9/13
  3341 | D:3      | Reached skill level 5 in Spellcasting
  4095 | D:3      | Reached XP level 6. HP: 32/32 MP: 12/16
  4692 | D:4      | Learned a level 4 spell: Fulminant Prism
  4697 | D:4      | Learned a level 4 spell: Iskenderun's Mystic Blast
  4991 | D:4      | Noticed an orc warrior
  5169 | D:4      | Found a radiant altar of Vehumet.
  5178 | D:4      | Became a worshipper of Vehumet
  5369 | D:4      | Found Hosajach's Jewellery Boutique.
  5708 | D:4      | Killed an orc warrior
  6127 | D:5      | Entered Level 5 of the Dungeon
  6140 | D:5      | Reached skill level 6 in Spellcasting
  6289 | D:5      | Reached XP level 7. HP: 37/37 MP: 11/18
  6403 | D:5      | Found a large runed translucent door.
  6475 | D:5      | Found a staircase to the Ecumenical Temple.
  6584 | D:5      | Found a large runed translucent door.
  6584 | D:5      | Found a large runed translucent door.
  6589 | D:5      | Noticed a troll
  6591 | D:5      | Reached skill level 1 in Short Blades
  6596 | D:5      | Found a large runed translucent door.
  6659 | D:5      | Found a burning altar of Makhleb.
  6698 | D:5      | Reached * piety under Vehumet
  6698 | D:5      | Offered knowledge of Freeze by Vehumet.
  6703 | D:5      | Reached skill level 1 in Fighting
  6925 | D:5      | Found a blossoming altar of Fedhas.
  6929 | D:5      | Found a sacrificial altar of Ru.
  7047 | D:5      | Noticed Edmund
  7056 | D:5      | Killed Edmund
  7057 | D:5      | Reached skill level 5 in Stealth
  7057 | D:5      | Reached XP level 8. HP: 43/43 MP: 7/20
  7185 | D:5      | Reached skill level 7 in Spellcasting
  7190 | D:5      | Noticed a troll
  7229 | D:5      | HP: 2/43 [water moccasin skeleton (3)]
  7569 | D:5      | Found a hazy altar of Hepliaklqana.
  7727 | D:5      | Reached skill level 5 in Hexes
  7780 | D:5      | Noticed a two-headed ogre
  7957 | D:5      | Killed a troll
  8564 | D:6      | Reached ** piety under Vehumet
  8565 | D:6      | Reached skill level 8 in Spellcasting
  8658 | D:6      | Identified the +10 hunting sling of Imminent Death {flame,
                  | Str+5 Stlth-}
  8961 | D:6      | Shot with an arrow by a centaur

Illustrated notes

Levels and vault maps discovered:
D:1:      tarquinn_simple_flora_water_c, layout_loops_corners,
          ebering_ecumenical_altar_petrified
D:2:      layout_basic, grunt_ministairs_14, minmay_misc_feat_columns,
          kennysheep_decorative_pillar
D:3:      minmay_razor_zed, layout_basic, serial_undead, serial_undead_b,
          serial_undead_c, serial_undead_d, serial_undead_b, serial_undead_c,
          kennysheep_path_1
D:4:      minmay_chambers_of_threes, layout_layer_cave,
          lemuel_coloured_pillars_altar, serial_shops, kennysheep_little_box
D:5:      layout_basic, nicolae_hepliaklqana_hippocampus,
          grunt_temple_overflow_open, lemuel_tele_altar,
          minmay_temple_entry_purple_smoke, st_stairs_3, minmay_statues_item,
          amcnicky_mini_corridor_feature, minmay_hollow_rounded_squares,
          uniq_edmund
D:6:      layout_cave_pods, minmay_manual_mares

Skill      XL: |  1  2  3  4  5  6  7  8 |
---------------+-------------------------+-----
Conjurations   | 5 6 7 |  7.6
Spellcasting   | 4 5 6 8 |  8.0
Hexes          | 1 2 3 4 6 |  6.1
Stealth        | 3 4 5 6 |  6.5
Short Blades   | 1 3 |  3.0
Fighting       | 1 |  1.8
Dodging        | 3 |  3.6

Action                   |  1- 3 |  4- 6 |  7- 9 || total
-------------------------+-------+-------+-------++-------
Melee: Short sword       |     2 |    23 |       ||    25
       Dagger            |       |    23 |    20 ||    43
 Fire: Hunting sling     |       |       |     1 ||     1
 Cast: Magic Dart        |    61 |   108 |    40 ||   209
       Searing Ray       |       |    27 |    28 ||    55
       Fulminant Prism   |       |     1 |     5 ||     6
  Use: Scroll            |       |     8 |     3 ||    11
       Potion            |       |       |     1 ||     1
 Stab: Sleeping          |       |     7 |     6 ||    13
Armor: Robe              |       |     9 |     8 ||    17
Dodge: Dodged            |     3 |    31 |    19 ||    53

Table legend: (Time is in decaauts)
 A = Elapsed time spent in this place.
 B = Non-inter-level travel time spent in this place.
 C = Inter-level travel time spent in this place.
 D = Time resting spent in this place.
 E = Time spent auto-exploring this place.
 F = Levels seen in this place.
 G = Mean time per level.
                   A        B        C        D        E       F      G
               +--------+--------+--------+--------+--------+-----+--------+
         Total |   8952 |   8640 |    312 |    509 |   7173 |   6 | 1492.0 |
       Dungeon |   8952 |   8640 |    312 |    509 |   7173 |   6 | 1492.0 |
               +--------+--------+--------+--------+--------+-----+--------+

Top non-repeatable levels by time:
     D:4: 2161 daAuts
     D:5: 1541 daAuts
     D:3: 1523 daAuts
     D:2: 1491 daAuts
     D:1: 1244 daAuts
     D:6: 990 daAuts
